 Dungeon Crawl Stone Soup version 0.32-a0-996-gb3226c233f (webtiles) character file.

Game seed: 4561812210053956931

158 Bliebski the Trooper (level 5, -1/38 HPs)
             Began as an Octopode Chaos Knight on Apr 23, 2024.
             Was a Plaything of Xom.
             Slain by a quasit (2 damage)
             ... summoned by Xom
             ... while paralysed
             ... on level 3 of the Dungeon.
             The game lasted 00:02:42 (2258 turns).

Bliebski the Trooper (Octopode Chaos Knight)        Turns: 2258, Time: 00:02:44

Health: -1/38      AC:  1    Str: 13    XL:     5   Next: 40%
Magic:  5/5        EV:  2    Int: 15    God:    Xom [......]
Gold:   158        SH:  0    Dex: -3 (11) Spells: 4/4 levels left

rFire   . . .        a - +0 hand axe (chaos)
rCold   . . .        (no shield)
rNeg    . . .        (helmet restricted)
rPois   .            (no amulet)
rElec   .            (no ring)
rCorr   .            (no ring)
SInv    .            (no ring)
Will    .....        (no ring) Stlth
                     (no ring)
HPRegen 0.26/turn    (no ring)
MPRegen 0.09/turn    (no ring)
                     (no ring)

%: no passive effects
@: paralysed, slowed, lost dexterity
A: almost no armour, amphibious, 8 rings, camouflage 1, gelatinous body 1,
(nimble swimmer 1), tentacles
a: Renounce Religion


You were on level 3 of the Dungeon.
You worshipped Xom.
You were a very special plaything of Xom.
You visited 1 branch of the dungeon, and saw 3 of its levels.

You collected 158 gold pieces.

Inventory:

Hand Weapons
 a - a +0 hand axe of chaos (weapon)
Scrolls
 b - 2 scrolls of butterflies
 f - 5 scrolls of identify {unknown}
 h - a scroll of teleportation {unknown}
Potions
 c - 2 potions of heal wounds {unknown}
 d - a potion of curing {unknown}
 e - a potion of enlightenment {unknown}
 g - 2 potions of berserk rage {unknown}
 i - a potion of ambrosia {unknown}
 j - a potion of magic {unknown}


   Skills:
 + Level 4.7 Fighting
 - Level 3.0 Axes
 + Level 4.2 Dodging


You had 4 spell levels left.
You didn't know any spells.
Your spell library contained the following spells:

 Spells                   Type           Power      Damage    Failure   Level
 Sublimation of Blood     Necr           0%         N/A       38%         2
 Curse of Agony           Necr           0%         N/A       100%        5
 Rimeblight               Ice/Necr       0%         2d3       (prima100%   7


Dungeon Overview and Level Annotations

Branches:
Dungeon (3/15)

Altars:
Fedhas
Nemelex Xobeh
Xom
Yredelemnul
The Shining One


Innate Abilities, Weirdness & Mutations

You cannot wear most types of armour.
You are amphibious.
You can wear up to eight rings at the same time.
Your skin changes colour to match your surroundings (Stealth+).
Your rubbery body absorbs attacks. (AC +1, EV +1)
((You are camouflaged when in or above water. (Stealth+)))
You have tentacles for arms and can constrict up to eight enemies at once.


Message History

The quasit misses you.
You hit the quasit. You burn the quasit. Your grab misses the quasit.
Your squeeze misses the quasit.
The quasit is heavily wounded.
The quasit misses you. The quasit closely misses you. The quasit claws you.
The quasit bites you.
You feel clumsy. The quasit claws you. x2
* * * LOW HITPOINT WARNING * * *
You hit the quasit. Your grab misses the quasit.
Your squeeze misses the quasit.
The quasit is heavily wounded.
The quasit closely misses you. The quasit claws you.
* * * LOW HITPOINT WARNING * * *
You feel clumsy. The quasit misses you.
You closely miss the quasit. Your grab misses the quasit.
The quasit is heavily wounded.
The quasit bites you.
* * * LOW HITPOINT WARNING * * *
You feel clumsy.
The quasit claws you but does no damage.
The quasit claws you.
* * * LOW HITPOINT WARNING * * *
You feel clumsy.
You have lost your dexterity.
The quasit bites you.
* * * LOW HITPOINT WARNING * * *
You feel clumsy. The quasit claws you.
* * * LOW HITPOINT WARNING * * *
You feel clumsy.
The quasit claws you but does no damage.
The quasit bites you.
* * * LOW HITPOINT WARNING * * *
The quasit claws you.
* * * LOW HITPOINT WARNING * * *
You feel clumsy. The quasit claws you.
You die... "It's all fun and games until someone loses an eye."

########.#.###########....##.#
#.#.# ##.....##.# #.#.##
####..##...... ####.#..#
##.....##.####.
#.......####...#####.# #..
#.......[.....######.###..
#.......###.......#.......
#.........................
######.###...@...#####...##...
#..........#5_.#..............
#.......##.......#####........
#.....)....####......#........
#...........###...............
#......####......<...#...####.
#......# #####......##### #.
#......# #.......#### ##
#.<....# ###.#.#....#####


You could see a quasit (summoned).

Vanquished Creatures
  A jelly (D:3)
  Terence (D:2)
  2 adders
  2 dart slugs
  A ribbon worm (D:2)
  2 orcs (D:3)
  3 ball pythons
  7 bats
  6 endoplasms
  3 giant cockroaches
  7 goblins
  8 hobgoblins
  7 jackals (D:3)
  8 kobolds
  3 quokkas
  4 frilled lizards
  7 rats
72 creatures vanquished.

Notes
Turn   | Place    | Note
-------+----------+-------------------------------------------
     0 | D:1      | Bliebski the Octopode Chaos Knight began the quest for the
                  | Orb.
     0 | D:1      | Reached XP level 1. HP: 16/16 MP: 1/1
   205 | D:1      | Reached XP level 2. HP: 21/21 MP: 2/2
   421 | D:1      | Reached XP level 3. HP: 26/26 MP: 3/3
   714 | D:1      | Found a faded altar of an unknown god.
  1009 | D:2      | XOM: noise
  1020 | D:2      | Noticed Terence
  1027 | D:2      | Killed Terence
  1028 | D:2      | Reached XP level 4. HP: 24/33 MP: 4/4
  1085 | D:2      | Found a glowing golden altar of the Shining One.
  1554 | D:2      | XOM: scenery: summon butterflies
  1818 | D:3      | Reached XP level 5. HP: 37/38 MP: 5/5
  1860 | D:3      | Found a shimmering altar of Xom.
  1892 | D:3      | Found a sparkling altar of Nemelex Xobeh.
  2051 | D:3      | Found a basalt altar of Yredelemnul.
  2051 | D:3      | XOM: summons 1 hostile shadow creature
  2056 | D:3      | Found a blossoming altar of Fedhas.
  2245 | D:3      | XOM: summons 2 hostile demons
  2257 | D:3      | Lost dexterity.
  2258 | D:3      | HP: 1/38 [quasit[Xom] (1)]
  2258 | D:3      | Slain by a quasit

Illustrated notes

Levels and vault maps discovered:
D:1:      lemuel_arrival_hallway, layout_loops_corners,
          ebering_ecumenical_altar_hall, wander_ebering_terrifying_dragon_lair
D:2:      layout_loops_ring, basic_altar, uniq_terence
D:3:      layout_rooms, lemuel_tele_altar, nicolae_overflow_squiral,
          mainiacjoe_overflow_tiny_flanked, serial_bayou_pond_a

Skill      XL: |  1  2  3  4 |
---------------+-------------+-----
Dodging        | 3 4 |  4.2
Fighting       | 4 |  4.7
Axes           | |  3.0

Action                     |  1- 3 |  4- 6 || total
---------------------------+-------+-------++-------
  Melee: Hand axe          |    54 |    64 ||   118
         Constrict         |    19 |    16 ||    35
         Tentacles         |     9 |     9 ||    18
   Stab: Sleeping          |     8 |     1 ||     9
 Armour: Skin              |    18 |    59 ||    77
  Dodge: Dodged            |    27 |    59 ||    86

Table legend: (Time is in decaauts)
 A = Elapsed time spent in this place.
 B = Non-inter-level travel time spent in this place.
 C = Inter-level travel time spent in this place.
 D = Time resting spent in this place.
 E = Time spent auto-exploring this place.
 F = Levels seen in this place.
 G = Mean time per level.
                   A        B        C        D        E       F      G
               +--------+--------+--------+--------+--------+-----+--------+
         Total |   2275 |   2233 |     42 |      0 |   1809 |   3 |  758.3 |
       Dungeon |   2275 |   2233 |     42 |      0 |   1809 |   3 |  758.3 |
               +--------+--------+--------+--------+--------+-----+--------+

Top non-repeatable levels by time:
     D:1: 1016 daAuts
     D:2: 675 daAuts
     D:3: 584 daAuts
